 Dungeon Crawl Stone Soup version 0.30-a0-634-g8abc85282e (webtiles) character file.

Game seed: 15820794992865156050

236 holysushi the Cutter (level 6, 0/42 HPs)
             Began as an Octopode Monk on Jan 15, 2023.
             Succumbed to Duvessa's poison
             ... on level 4 of the Dungeon.
             The game lasted 00:03:21 (2022 turns).

holysushi the Cutter (Octopode Monk)                Turns: 2022, Time: 00:03:21

Health: 0/42       AC:  1    Str: 10    XL:     6   Next: 6%
Magic:  6/6        EV: 14    Int: 13    God:
Gold:   19         SH:  0    Dex: 16    Spells: 5/5 levels left

rFire   . . .      SeeInvis .    g - +0 dagger (venom)
rCold   . . .      Faith    .    (no shield)
rNeg    . . .      Spirit   .    (helmet restricted)
rPois   .          Reflect  .    (no amulet)
rElec   .          Harm     .    (no ring)
rCorr   .          Rampage  .    (no ring)
Will    .....                    (no ring)
Stlth   +++                      (no ring)
HPRegen 0.27/turn                (no ring)
MPRegen 0.10/turn                (no ring)
                                 (no ring)
                                 (no ring)

@: lethally poisoned (0 -> -12)
A: almost no armour, amphibious, 8 rings, camouflage 1, gelatinous body 1,
(nimble swimmer 1), tentacles
a: no special abilities


You were on level 4 of the Dungeon.
You visited 1 branch of the dungeon, and saw 4 of its levels.

You collected 139 gold pieces.
You spent 120 gold pieces at shops.

Inventory:

Hand Weapons
 a - a +0 short sword
 g - a +0 dagger of venom (weapon)
 n - a +2 dagger of distortion
 v - a +0 short sword of protection
Jewellery
 l - a ring of fire
Wands
 j - a wand of paralysis (7)
 r - a wand of roots (8)
Scrolls
 f - 3 scrolls of teleportation
 k - a scroll of magic mapping
 s - a scroll of fog {unknown}
 t - a scroll of enchant weapon {unknown}
 u - 2 scrolls of vulnerability {unknown}
 w - a scroll of enchant armour {unknown}
 x - a scroll of fear {unknown}
 y - a scroll of silence {unknown}
Potions
 b - a potion of ambrosia
 c - 3 potions of degeneration
 d - a potion of heal wounds
 e - a potion of flight
 h - a potion of mutation {unknown}
 i - a potion of lignification {unknown}
 m - a potion of attraction {unknown}
 o - a potion of curing {unknown}
 p - a potion of berserk rage {unknown}
 q - a potion of might {unknown}
 z - a potion of haste


   Skills:
 - Level 3.0 Fighting
 + Level 6.0 Short Blades
 + Level 3.4 Dodging
 - Level 2.6 Stealth
 - Level 2.0 Evocations


You had 5 spell levels left.
You didn't know any spells.
Your spell library contained the following spells:

 Spells                   Type           Power      Damage    Failure   Level
 Momentum Strike          Conj/Tloc      0%         3d8       43%         2
 Ignite Poison            Fire/Tmut/Pois 0%         N/A       67%         3
 Kindle Blastsparks       Fire/Tloc/Air  0%         2d10      67%         3
 Ozocubu's Armour         Ice            0%         N/A       67%         3
 Swiftness                Air            0%         N/A       67%         3
 Arcjolt                  Conj/Air       0%         1d10      100%        5
 Freezing Cloud           Conj/Ice/Air   0%         6-21      100%        5
 Ozocubu's Refrigeration  Ice            0%         4d7       100%        7


Dungeon Overview and Level Annotations

Branches:
Dungeon (4/15) Zot: 22015
 Temple: D:4-7

Altars:

Shops:
D:3 !

Portals:
Abyss: D:3

Annotations:
D:3 2 transporters, bande's ghost, amateur GrFi
D:4 Duvessa


Innate Abilities, Weirdness & Mutations

You cannot wear most types of armour.
You are amphibious.
You can wear up to eight rings at the same time.
Your skin changes colour to match your surroundings (Stealth+).
Your rubbery body absorbs attacks. (AC +1, EV +1)
((You are camouflaged when in or above water. (Stealth+)))
You have tentacles for arms and can constrict up to eight enemies at once.


Message History

There is a stone staircase leading up here.
Aiming: Paralyse
Press: ? - help, Shift-Dir - straight line, f - Duvessa
Aim: Duvessa, wielding a +4 rapier of venom and wearing a +0 leather armour of poison resistance (berserk, chance to affect: 37%)
Okay, then.
Unknown command.
Aiming: Fastroot
Press: ? - help, Shift-Dir - straight line, f - ball python
Aim: a ball python (constricting you)
The roots erupt in riotous growth!
Roots grab the ball python.
Roots grab Duvessa.
The grasping roots constrict Duvessa, but do no damage.
The grasping roots constrict the ball python!
You kill the ball python!
You hear a bark!
Duvessa struggles to escape constriction. x2
Okay, then.
You hit the ball python.
The ball python is poisoned.
You grab the ball python.
The ball python is moderately wounded.
The grasping roots constrict Duvessa.
You constrict the ball python.
You kill the ball python!
Duvessa escapes!
Aiming: Paralyse
Press: ? - help, Shift-Dir - straight line, f - Duvessa
Aim: Duvessa, wielding a +4 rapier of venom and wearing a +0 leather armour of poison resistance (lightly wounded, berserk, chance to affect: 37%) Duvessa easily resists.
Duvessa hits you with a +4 rapier of venom!!
Ouch! That really hurt!
Aiming: Paralyse
Press: ? - help, Shift-Dir - straight line, f/p - Duvessa
Aim: Duvessa, wielding a +4 rapier of venom and wearing a +0 leather armour of poison resistance (lightly wounded, berserk, chance to affect: 37%) Duvessa easily resists.
Duvessa barely misses you.
Duvessa hits you with a +4 rapier of venom!
* * * LOW HITPOINT WARNING * * *
You are lethally poisoned!
Aiming: Paralyse
Press: ? - help, Shift-Dir - straight line, f/p - Duvessa
Aim: Duvessa, wielding a +4 rapier of venom and wearing a +0 leather armour of poison resistance (lightly wounded, berserk, chance to affect: 37%) Duvessa easily resists.
You die...

#... #... #.. #..
###### ..#
#.....###.#
#.........#
#........e###.###
......##.#@.....#
........e####.#.#
...##...##
#8...8# ##..S##
#...# #..S# 8...8
##...#


You could see Duvessa (berserk).

Vanquished Creatures
  Dowan (D:4)
  Ijyb (D:3)
  Terence (D:3)
  Robin (D:3)
  A gnoll (D:1)
  4 adders
  A worm (D:3)
  2 dart slugs
  An orc (D:3)
  6 bats
  3 endoplasms
  A giant cockroach (D:2)
  13 goblins
  11 hobgoblins
  3 quokkas
  11 ball pythons
  3 frilled lizards
  3 kobolds
  4 rats
71 creatures vanquished.

Notes
Turn   | Place    | Note
-------+----------+-------------------------------------------
     0 | D:1      | holysushi the Octopode Monk began the quest for the Orb.
     0 | D:1      | Reached XP level 1. HP: 16/16 MP: 1/1
    69 | D:1      | Reached XP level 2. HP: 21/21 MP: 2/2
   271 | D:1      | Reached skill level 4 in Short Blades
   343 | D:1      | Reached XP level 3. HP: 26/26 MP: 3/3
   752 | D:2      | Reached XP level 4. HP: 29/31 MP: 4/4
   953 | D:3      | Reached skill level 5 in Short Blades
   966 | D:3      | Found a transporter.
   973 | D:3      | Noticed Ijyb
   974 | D:3      | Found a transporter.
   980 | D:3      | Killed Ijyb
   996 | D:3      | Noticed Terence
  1001 | D:3      | Killed Terence
  1002 | D:3      | Reached skill level 1 in Evocations
  1002 | D:3      | Reached XP level 5. HP: 27/36 MP: 5/5
  1161 | D:3      | Found a one-way gate to the infinite horrors of the Abyss.
  1161 | D:3      | Noticed bande's ghost (amateur GrFi)
  1162 | D:3      | Noticed a small abomination
  1184 | D:3      | Noticed a kobold brigand
  1188 | D:3      | Noticed a small abomination
  1196 | D:3      | Noticed Robin
  1219 | D:3      | Killed Robin
  1327 | D:3      | Got Weppysea's Quarto of Windy Striking
  1589 | D:3      | Found Ublal's Distillery.
  1592 | D:3      | Bought a potion of haste for 120 gold pieces
  1744 | D:3      | Noticed a small abomination
  1831 | D:4      | Noticed Dowan
  1832 | D:4      | Noticed Duvessa
  1840 | D:4      | Killed Dowan
  1841 | D:4      | Reached XP level 6. HP: 26/42 MP: 6/6
  1847 | D:3      | Reached skill level 6 in Short Blades
  2022 | D:4      | Succumbed to Duvessa's poison

Illustrated notes

Levels and vault maps discovered:
D:1:      dpeg_arrival_rooms_a, layout_basic
D:2:      layout_basic
D:3:      layout_basic, serial_shops, nicolae_shop_behind_doors,
          gammafunk_ghost_abyssal_escape, uniq_ijyb, uniq_robin, uniq_terence
D:4:      layout_basic, kennysheep_mini_moat, serial_corexii_hall,
          corexii_hall_statues_deadend, corexii_hall_statues_l, uniq_duvessa

Skill      XL: |  1  2  3  4  5  6 |
---------------+-------------------+-----
Short Blades   | 4 5 6 |  6.0
Evocations     | 1 2 |  2.0
Fighting       | |  3.0
Dodging        | |  3.4
Stealth        | |  2.6

Action                   |  1- 3 |  4- 6 || total
-------------------------+-------+-------++-------
Melee: Short sword       |    19 |       ||    19
       Constrict         |    16 |    27 ||    43
       Tentacles         |    12 |    13 ||    25
       Dagger            |    48 |    75 ||   123
       Punch             |       |     3 ||     3
Evoke: Wand              |       |     5 ||     5
  Use: Scroll            |       |     5 ||     5
       Potion            |       |     1 ||     1
 Stab: Sleeping          |     8 |     6 ||    14
       Paralysed         |       |     1 ||     1
Armor: Skin              |     4 |     3 ||     7
Dodge: Dodged            |    45 |    26 ||    71

Table legend: (Time is in decaauts)
 A = Elapsed time spent in this place.
 B = Non-inter-level travel time spent in this place.
 C = Inter-level travel time spent in this place.
 D = Time resting spent in this place.
 E = Time spent auto-exploring this place.
 F = Levels seen in this place.
 G = Mean time per level.
                   A        B        C        D        E       F      G
               +--------+--------+--------+--------+--------+-----+--------+
         Total |   1984 |   1936 |     48 |    283 |   1221 |   4 |  496.0 |
       Dungeon |   1984 |   1936 |     48 |    283 |   1221 |   4 |  496.0 |
               +--------+--------+--------+--------+--------+-----+--------+

Top non-repeatable levels by time:
     D:3: 1034 daAuts
     D:1: 519 daAuts
     D:2: 412 daAuts
     D:4: 18 daAuts
